 Dungeon Crawl Stone Soup version 0.30.1-11-g7821555f0a (webtiles) character file.

Game seed: 10973517334865532645

3647 SacredBeard the Reanimator (level 9, -5/74 HPs)
             Began as a Demonspawn Necromancer on Nov 5, 2023.
             Slain by a wyvern (7 damage)
             ... while petrified by a basilisk
             ... on level 8 of the Dungeon.
             The game lasted 00:29:36 (9592 turns).

SacredBeard the Reanimator (Demonspawn Necromancer) Turns: 9592, Time: 00:29:37

Health: -5/74      AC:  9    Str: 16    XL:     9   Next: 88%
Magic:  0/12       EV:  2    Int: 17    God:
Gold:   22         SH:  0    Dex: 17    Spells: 7/12 levels left

rFire   . . .        J - +7 spear of Urgency {freeze, Str+7}
rCold   . . .        (no shield)
rNeg    + + +        g - +0 acid dragon scales
rPois   ∞            y - +1 helmet
rElec   .            N - +0 cloak
rCorr   +            (no gloves)
SInv    +            (no boots)
Will    .....        s - amulet of guardian spirit
Stlth   ++           o - ring of resist corrosion
HPRegen 0.32/turn    x - ring of see invisible
MPRegen 0.13/turn

%: guardian spirit
@: lethally poisoned (-5 -> -5), petrified
A: demonic guardian 3, powered by pain 2
a: no special abilities


You were on level 8 of the Dungeon.
You visited 1 branch of the dungeon, and saw 8 of its levels.

You collected 302 gold pieces.
You spent 280 gold pieces at shops.

Inventory:

Hand Weapons
 t - a +1 falchion of electrocution
 J - the +7 spear of Urgency (weapon) {freeze, Str+7}
   (You found it on level 4 of the Dungeon)

   Str:       It affects your strength (+7).
Missiles
 h - 5 javelins
 j - 97 stones
 n - 3 throwing nets
 B - 11 poisoned darts
 C - 27 boomerangs
Armour
 g - +0 acid dragon scales (worn)
 y - a +1 helmet (worn)
 N - a +0 cloak (worn)
Jewellery
 o - a ring of resist corrosion (left hand)
 s - an amulet of guardian spirit (around neck)
 x - a ring of see invisible (right hand)
Wands
 f - a wand of flame (31)
 i - a wand of charming (8)
 p - a wand of polymorph (5)
Scrolls
 c - a scroll of amnesia {unknown}
 d - a scroll of summoning {unknown}
 e - a scroll of silence {unknown}
 l - a scroll of identify
 r - 4 scrolls of fear
 v - 2 scrolls of noise
 A - 2 scrolls of magic mapping {unknown}
 D - 3 scrolls of enchant armour {unknown}
 E - a scroll of enchant weapon {unknown}
 F - a scroll of immolation {unknown}
 G - 7 scrolls of teleportation
 H - 2 scrolls of blinking {unknown}
 K - a scroll of fog {unknown}
Potions
 a - a potion of invisibility
 b - 2 potions of magic
 k - 7 potions of curing
 m - 3 potions of brilliance
 q - a potion of resistance
 u - 2 potions of ambrosia
 w - a potion of attraction
 z - 2 potions of mutation
 I - 2 potions of haste
 L - a potion of berserk rage


   Skills:
 * Level 8.1 Fighting
 - Level 2.0 Throwing
 - Level 2.0 Armour
 - Level 2.0 Dodging
 - Level 3.0 Stealth
 - Level 2.0 Spellcasting
 - Level 3.0 Summonings
 + Level 11.4 Necromancy
 - Level 3.0 Evocations


You had 7 spell levels left.
You knew the following spells:

 Your Spells              Type           Power      Damage    Failure   Level
a - Necrotise             Necr           100%       1d9       1%          1
b - Animate Dead          Necr           40%        N/A       2%          4

Your spell library contained the following spells:

 Spells                   Type           Power      Damage    Failure   Level
 Vampiric Draining        Necr           40%        2d8       1%          3
 Agony                    Necr           40%        N/A       7%          5
 Ozocubu's Armour         Ice            1%         N/A       61%         3
 Volatile Blastmotes      Fire/Tloc      2%         2d10      61%         3
 Fulminant Prism          Conj/Hex       0%         3d5       95%         4
 Iskenderun's Mystic Bla  Conj/Tloc      1%         2d3       95%         4
 Petrify                  Tmut/Erth      1%         N/A       95%         4
 Simulacrum               Ice/Necr       10%        N/A       98%         6
 Lee's Rapid Deconstruct  Erth           0%         3d4*      100%        5
 Metabolic Englaciation   Hex/Ice        0%         N/A       100%        5
 Statue Form              Tmut/Erth      0%         N/A       100%        6


Dungeon Overview and Level Annotations

Branches:
Dungeon (8/15) Zot: 26985  Temple (0/1) D:6            Lair (0/5) D:8

Altars:
Ashenzari
Makhleb
Vehumet

Shops:
D:3 ?


Innate Abilities, Weirdness & Mutations

A powerful demonic guardian rushes to your aid.
You sometimes gain power by taking damage.


Message History

The yak gores the fungus!
The basilisk bites the fungus!
The scorpion stings you.
The water moccasin bites you but does no damage.
The wyvern bites you.
* * * LOW HITPOINT WARNING * * *
The wyvern bites you but does no damage.
The scorpion barely misses you.
The water moccasin bites you but does no damage.
The yak gores the fungus!
The basilisk bites the fungus.
The wyvern bites you!
* * * LOW HITPOINT WARNING * * *
A demonic guardian appears!
The wyvern bites you.
* * * LOW HITPOINT WARNING * * *
The wyvern bites you.
* * * LOW HITPOINT WARNING * * *
The wyvern completely misses you.
The water moccasin bites you but does no damage.
The scorpion stings you.
* * * LOW HITPOINT WARNING * * *
The yak gores the fungus!
The basilisk bites the fungus!
A nearby fungus withers and dies.
The wyvern barely misses you.
The wyvern bites you but does no damage.
The water moccasin bites you but does no damage.
The scorpion stings you.
* * * LOW HITPOINT WARNING * * *
The wyvern bites you.
* * * LOW HITPOINT WARNING * * *
The wyvern bites you.
* * * LOW HITPOINT WARNING * * *
The water moccasin bites you but does no damage.
The scorpion barely misses you.
The wyvern bites you but does no damage.
The wyvern bites you.
* * * LOW HITPOINT WARNING * * *
The water moccasin bites you but does no damage.
Your soul eater hits the water moccasin.
The wyvern bites you.
* * * LOW HITPOINT WARNING * * *
The wyvern bites you!
You die...

..... ....
####... # ..#..
#.##.#..
.#......#
.......3#######
#..@SYFlP..
#.llsY♣....


#.YSll..P . ###.......P ...:P..P. ♣........ ..P.PP... .......>. You could see 3
yaks, 2 basilisks, 2 water moccasins, 3 wyverns, a bullfrog, a scorpion and a
friendly soul eater (summoned).

Vanquished Creatures
  Sigmund (D:4)
  An orc warrior (D:6)
  6 ice beasts
  A sky beast (D:6)
  2 ogres
  2 kobold brigands
  2 phantoms
  2 bullfrogs (D:7)
  A gnoll sergeant (D:6)
  6 scorpions (D:4)
  3 wights (D:7)
  A howler monkey (D:4)
  5 hounds
  Crazy Yiuf (D:2)
  2 orc priests
  2 gnoll boudas
  A jelly (D:6)
  A sleepcap (D:5)
  An iguana (D:5)
  3 orc wizards
  20 gnolls
  11 adders
  A white imp (D:6)
  2 adder zombies (D:2)
  5 worms
  2 dart slugs
  21 orcs
  12 bats
  2 bat skeletons (D:2)
  2 endoplasms
  3 giant cockroaches
  9 goblins
  8 hobgoblins
  6 jackals
  14 kobolds
  4 quokkas
  3 ball pythons
  2 ball python skeletons (D:2)
  2 frilled lizards
  2 rats
175 creatures vanquished.

Vanquished Creatures (collateral kills)
  Maggie (D:7)
  2 gnoll sergeants (D:6)
  2 wights (D:7)
  A howler monkey (D:5)
  A jelly (D:6)
  A gnoll bouda (D:6)
  3 gnolls
  An adder (D:4)
  2 worms
  An orc (D:6)
  A ball python (D:4)
  2 jackals (D:6)
  3 kobolds
  A rat (D:2)
22 creatures vanquished.

Grand Total: 197 creatures vanquished

Notes
Turn   | Place    | Note
-------+----------+-------------------------------------------
     0 | D:1      | SacredBeard the Demonspawn Necromancer began the quest for
                  | the Orb.
     0 | D:1      | Reached XP level 1. HP: 13/13 MP: 3/3
   257 | D:1      | Gained mutation: You sometimes gain a little power by
                  | taking damage. [demonic ancestry]
   257 | D:1      | Reached XP level 2. HP: 20/20 MP: 3/5
   947 | D:2      | Gained mutation: A weak demonic guardian rushes to your
                  | aid. [demonic ancestry]
   947 | D:2      | Reached XP level 3. HP: 25/25 MP: 1/6
  1063 | D:2      | Identified the -2 cloak of the Game of Life {Harm rPois rF-
                  | Str+8}
  1302 | D:2      | Reached skill level 1 in Fighting
  1302 | D:2      | Reached skill level 5 in Necromancy
  1318 | D:2      | Reached skill level 1 in Armour
  1325 | D:2      | Gained mutation: A demonic guardian rushes to your aid.
                  | [demonic ancestry]
  1325 | D:2      | Reached XP level 4. HP: 31/32 MP: 2/7
  1967 | D:2      | Found a runed translucent door.
  1968 | D:2      | Noticed Crazy Yiuf
  2113 | D:2      | Killed Crazy Yiuf
  2114 | D:2      | Reached skill level 1 in Evocations
  2213 | D:3      | Gained mutation: A powerful demonic guardian rushes to your
                  | aid. [demonic ancestry]
  2213 | D:3      | Reached XP level 5. HP: 37/37 MP: 1/8
  2400 | D:3      | Found a radiant altar of Vehumet.
  2774 | D:3      | Found a broken altar of Ashenzari.
  2832 | D:3      | Found Ripnech's Magic Scroll Shoppe.
  2849 | D:3      | Bought a scroll of teleportation for 42 gold pieces
  2849 | D:3      | Bought a scroll of identify for 28 gold pieces
  2849 | D:3      | Bought a scroll of identify for 28 gold pieces
  2908 | D:4      | Noticed Sigmund
  2918 | D:4      | Killed Sigmund
  2919 | D:4      | Reached skill level 1 in Throwing
  2919 | D:4      | Reached skill level 1 in Summonings
  2919 | D:4      | Reached XP level 6. HP: 43/44 MP: 3/9
  3177 | D:4      | Noticed an ice beast
  3181 | D:4      | Killed an ice beast
  3182 | D:4      | Reached skill level 6 in Necromancy
  3390 | D:4      | Reached XP level 7. HP: 50/51 MP: 2/10
  3707 | D:4      | Found a burning altar of Makhleb.
  3707 | D:4      | Noticed a green death
  3710 | D:4      | Noticed an orange demon
  3710 | D:4      | Noticed a smoke demon
  3929 | D:4      | Identified the +7 spear of Urgency {freeze, Str+7}
  4259 | D:4      | Reached skill level 7 in Necromancy
  5040 | D:5      | Entered Level 5 of the Dungeon
  5056 | D:5      | Gained mutation: You sometimes gain power by taking damage.
                  | [demonic ancestry]
  5056 | D:5      | Reached XP level 8. HP: 39/58 MP: 4/11
  5175 | D:5      | Reached skill level 8 in Necromancy
  5794 | D:5      | Reached skill level 9 in Necromancy
  6163 | D:6      | Reached skill level 10 in Necromancy
  6821 | D:6      | Reached XP level 9. HP: 62/66 MP: 8/12
  6950 | D:6      | Found a staircase to the Ecumenical Temple.
  7013 | D:6      | Reached skill level 5 in Fighting
  7659 | D:6      | Learned a level 4 spell: Animate Dead
  8111 | D:3      | Bought a scroll of teleportation for 42 gold pieces
  8111 | D:3      | Bought a scroll of fear for 56 gold pieces
  8111 | D:3      | Bought a scroll of identify for 28 gold pieces
  8111 | D:3      | Bought a scroll of fear for 56 gold pieces
  8428 | D:7      | Reached skill level 11 in Necromancy
  8551 | D:7      | Noticed Maggie
  8576 | D:7      | Killed Maggie
  9579 | D:8      | Found a staircase to the Lair.
  9592 | D:8      | HP: 2/74 [wyvern (3)]
  9592 | D:8      | Slain by a wyvern

Illustrated notes

Levels and vault maps discovered:
D:1:      wheals_arrival_shading, layout_basic
D:2:      minmay_recursive_quarters, layout_basic, serial_undead,
          serial_undead_b, serial_undead_e, serial_undead_a, serial_undead_f,
          serial_undead_b, serial_undead_d, minmay_tromino_v4_b,
          uniq_crazy_yiuf_cottage
D:3:      layout_rooms, general_overflow_altar, marbit_many_paths,
          vehumet_altar_wand_db, serial_shops, shop
D:4:      old_forge, layout_layer_cave, makhleb_altar_promises_db, uniq_sigmund
D:5:      layout_rooms, portal_sewer_entry_d, kennysheep_cross_bottleneck,
          nicolae_elevator_lobby_plus
D:6:      layout_cave_pools, minmay_temple_entry_mist, serial_gnoll_camp,
          gnoll_camp_medium_02, gnoll_camp_medium_01, gnoll_camp_mini_basic,
          gnoll_camp_mini_loothouse
D:7:      layout_loops_corners, uniq_maggie
D:8:      layout_basic, kennysheep_vampire_church, minmay_lair_entry_grove,
          minmay_unpleasant_kobolds

Skill      XL: |  1  2  3  4  5  6  7  8  9 |
---------------+----------------------------+-----
Stealth        | 2 3 |  3.0
Dodging        | 2 |  2.0
Fighting       | 1 2 3 4 8 |  8.1
Necromancy     | 5 6 7 10 11 | 11.4
Armour         | 1 2 |  2.0
Evocations     | 1 2 3 |  3.0
Throwing       | 1 2 |  2.0
Summonings     | 1 3 |  3.0
Spellcasting   | |  2.0

Action                     |  1- 3 |  4- 6 |  7- 9 || total
---------------------------+-------+-------+-------++-------
  Melee: Long sword        |    31 |       |       ||    31
         Falchion          |    11 |    34 |     7 ||    52
         Punch             |     1 |       |     2 ||     3
         Spear             |       |       |   144 ||   144
   Cast: Necrotise         |    46 |    96 |   237 ||   379
    Use: Scroll            |       |     1 |    10 ||    11
         Potion            |       |       |     2 ||     2
   Stab: Distracted        |       |     1 |     1 ||     2
         Sleeping          |       |       |     2 ||     2
 Armour: Leather armour    |    19 |    19 |    42 ||    80
         Acid dragon scale |       |       |    22 ||    22
  Dodge: Dodged            |    42 |    33 |   136 ||   211
